 Dungeon Crawl Stone Soup version 0.19.5 (webtiles) character file.

4 tidbits the Charmwright (level 1, 14/14 HPs)
             Began as a High Elf Skald on Nov 9, 2017.
             Quit the game on level 1 of the Dungeon.
             The game lasted 00:00:46 (277 turns).

tidbits the Charmwright (High Elf Skald)             Turns: 277, Time: 00:00:46

Health: 14/14      AC:  3    Str: 11    XL:     1   Next: 50%
Magic:  5/5        EV: 11    Int: 15    God:
Gold:   8          SH:  0    Dex: 14    Spells: 1 memorised, 4 levels left

rFire  . . .     SeeInvis .     c - book of Battle
rCold  . . .     Gourm    .     b - +0 leather armour
rNeg   . . .     Faith    .     (no shield)
rPois  .         Spirit   .     (no helmet)
rElec  .         Reflect  .     (no cloak)
rCorr  .         Harm     .     (no gloves)
MR     .....                    (no boots)
Stlth  +.........               (no amulet)
                                (no ring)
                                (no ring)

@: no status effects
A: no striking features
a: no special abilities


You were on level 1 of the Dungeon.
You were not hungry.

You visited 1 branch of the dungeon, and saw 1 of its levels.

You collected 8 gold pieces.

Inventory:

Hand Weapons
 a - a +0 falchion
Armour
 b - a +0 leather armour (worn)
Books
 c - a book of Battle (in hand)

   Spells                             Type                      Level
   a - Infusion                       Charms                       1
   b - Shroud of Golubria             Charms/Translocation         2
   c - Song of Slaying                Charms                       2
   d - Spectral Weapon                Hexes/Charms                 3
   e - Regeneration                   Charms/Necromancy            3
Comestibles
 d - a bread ration


   Skills:
 + Level 2.0 Fighting
 + Level 2.4 Long Blades
 + Level 0.8 Armour
 + Level 1.2 Dodging
 + Level 2.5 Spellcasting
 + Level 3.8 Charms


You had 4 spell levels left.
You knew the following spells:

 Your Spells              Type           Power        Failure   Level  Hunger
i - Infusion              Chrm           ##..         10%         1    #......


Dungeon Overview and Level Annotations

Branches:
Dungeon (1/15)

Altars:


Message History

Welcome, tidbits the High Elf Skald.
It is said that the Orb of Zot exists deep within this dungeon.
Press ? for a list of commands and other information.
Found an escape hatch in the floor.
Found a staircase leading out of the dungeon.
You open the door.
There is an open door here.
Found a dagger.
You see here a dagger.
You open the large door.
Found 16 gold pieces.
There is a large open door here.
You found a teleport trap!
You now have 8 gold pieces.
Found a leather armour. 3 jackals come into view.
The jackal barks! x2
Found 15 gold pieces.
Casting: Infusion
Confirm with . or Enter, or press ? or * to list all spells.
You begin infusing your attacks with magical energy.
You hit the jackal.
The jackal is severely wounded.
The jackal bites you. The jackal barely misses you.
The jackal barks!
You hit the jackal.
You kill the jackal!
You hit the jackal.
The jackal is almost dead.
The jackal closely misses you. The jackal bites you.
You hit the jackal.
You kill the jackal!
You barely miss the jackal.
The jackal bites you but does no damage.
The jackal completely misses you.
You barely miss the jackal. The jackal bites you.
The jackal closely misses you.
You closely miss the jackal. The jackal bites you.
* * * LOW HITPOINT WARNING * * *
You hit the jackal but do no damage.
The jackal bites you but does no damage. x2
You hit the jackal.
The jackal is almost dead.
The jackal bites you but does no damage.
The jackal bites you.
* * * LOW HITPOINT WARNING * * *
You barely miss the jackal.
The jackal is almost dead.
The jackal barely misses you.
You riposte.
You hit the jackal.
You kill the jackal!
Your magical infusion is running out.
You are no longer magically infusing your attacks.
There is a large open door here.
You close the large door.
Wield which item (- for none, * to show all)? (? for menu, Esc to quit)
c - a book of Battle (in hand)
You swing at nothing.
You start resting.
Magic restored.
You start resting.
HP restored.
You open the large door.
There is a large open door here.
Are you sure you want to abandon this character and quit the game? (Confirm with "yes".)

#..h##..........
#... #..........
#...
#...########+###
#...
#.^.####........
#...##...#.....
#...#..#...#+#
#...')....##># .
#...'.....##<# ...
#..@#..#...#'#...#
#...##...#.....#
#...####.........#
#...# #####+#####
#.... #..$. #....
######


There were no monsters in sight!

Vanquished Creatures
  3 jackals (D:1)
3 creatures vanquished.

Notes
Turn   | Place    | Note
-------+----------+-------------------------------------------
     0 | D:1      | tidbits the High Elf Skald began the quest for the Orb.
     0 | D:1      | Reached XP level 1. HP: 14/14 MP: 4/4
   277 | D:1      | Quit the game

Action                   || total
-------------------------++-------
Melee: Falchion          ||    10
 Cast: Infusion          ||     1
Armor: Leather armour    ||     4
Dodge: Dodged            ||     5
       Rpst.: Falchion   ||     1

Table legend:
 A = Turns spent in this place as a percentage of turns spent in the entire game.
 B = Non-inter-level travel turns spent in this place as a percentage of non-inter-level travel turns spent in the entire game.
 C = Inter-level travel turns spent in this place as a percentage of turns spent in this place.
 D = Turns resting spent in this place as a percentage of non-inter-level travel turns spent in this place.
 E = Turns spent auto-exploring this place as a percentage of non-inter-level travel turns spent in this place.
 F = Non-inter-level travel turns spent in this place divided by the number of levels of this place that you've seen.
                   A       B       C       D       E      F
               +-------+-------+-------+-------+-------+----------------------
         Total | 100.0 | 100.0 |   0.0 |   5.6 |   0.0 |  54.0
       Dungeon | 100.0 | 100.0 |   0.0 |   5.6 |   0.0 |  54.0
               +-------+-------+-------+-------+-------+----------------------

Table legend:
 A = Kills in this place as a percentage of kills in entire the game.
 B = Kills by you in this place as a percentage of kills by you in the entire game.
 C = Kills by friends in this place as a percentage of kills by friends in the entire game.
 D = Other kills in this place as a percentage of other kills in the entire game.
 E = Experience gained in this place as a percentage of experience gained in the entire game.
 F = Experience gained in this place divided by the number of levels of this place that you have seen.
                   A       B       C       D       E      F
               +-------+-------+-------+-------+-------+----------------------
         Total | 100.0 | 100.0 |  -nan |  -nan | 100.0 |   6.0
       Dungeon | 100.0 | 100.0 |  -nan |  -nan | 100.0 |   6.0
               +-------+-------+-------+-------+-------+----------------------

Vault maps used:
D:1:      dpeg_arrival_refuge, kennysheep_doodads
